[Event "Yingmei CHN-chT 2018"]
[Site "Shenzhen"]
[Date "2018.04.11"]
[Round "1"]
[White "Lin, Yi"]
[Black "Zhao, Chenxi"]
[Result "0-1"]
[ECO "E12"]
[WhiteElo "2360"]
[BlackElo "2275"]
[Annotator "NA RC"]
[PlyCount "114"]
[EventDate "2018.??.??"]
[EventCountry "CHN"]
[SourceTitle "playchess.com"]
[Source "ChessBase"]
[SourceQuality "1"]
[TimeControl "5400+30"]

1. d4 Nf6 2. c4 b6 3. Nf3 Bb7 4. Nc3 e6 5. a3 d5 6. cxd5 Nxd5 7. e3 Nxc3 8. bxc3 Nd7 {E12: Queen's Indian: Unusual White 4th moves, 4 a3, 4 Nc3 Bb7 5 a3 and 4 Nc3 Bb7} (8... Be7 9. Bd3 O-O 10. O-O c5 11. Bb2 Nc6 12. Qe2 Rc8 13. Rad1 cxd4 14. cxd4 Bf6 15. Nd2 Na5 16. f4 g6 17. Nf3 Qd5 18. e4 Qd8 19. Ne5 Bg7 20. f5 exf5 21. exf5 Bd5 22. Qf2 {0-1 (52) Korobov,A (2692)-Anton Guijarro,D (2650) Doha 2016}) 9. Bd3 Bd6 10. e4 e5 11. O-O O-O {LiveBook: 4 Games} 12. Bg5 f6 13. Bd2 $146 ({Find the theoretical novelty and annotate with similar games:} 13. Be3 Qe7 14. Nd2 Kh8 15. a4 f5 16. exf5 {½-½ (25) Alonso Garcia,R (2360)-Fluvia Poyatos,J (2490) Catalunya 2012}) 13... Kh8 14. Nh4 g6 15. Bh6 Re8 16. Qg4 Nf8 ({Black should try} 16... Qe7 $11) 17. Rfe1 (17. f4 $5 ) 17... Bc8 18. Qf3 Qe7 19. a4 Bd7 20. g3 ({Better is} 20. d5 $14) 20... Ne6 21. Be3 Ng5 22. Bxg5 fxg5 23. Ng2 Rf8 24. Qe2 Qg7 25. Qb2 c5 26. d5 c4 27. Bxc4 Bc5 28. Ne3 Rf3 29. Be2 Rf6 30. Bb5 Raf8 $1 31. Ra2 Rf3 ({Black should try} 31... Rxf2 $15 32. Qxf2 Rxf2 33. Rxf2 Bh3) 32. Bf1 (32. Bxd7 $11 Qxd7 33. c4) 32... a5 ({Black should try} 32... Rxf2 $17 33. Qxf2 Rxf2 34. Rxf2 Bxa4) 33. Bg2 $2 (33. Qc1 $15) 33... R3f6 (33... Rxf2 $19 34. Qxf2 Rxf2 35. Rxf2 Bxa4) 34. Qe2 (34. Qc1 $15) 34... Qh6 $2 35. Rf1 Qg7 36. Kh1 h5 37. f3 (37. Qd1 $17) 37... h4 $11 (37... g4 $17 38. fxg4 Rxf1+ 39. Nxf1 Rf2 40. Qxf2 Bxf2 41. Rxf2 Bxg4) 38. g4 Bc8 39. Nd1 Qa7 40. h3 Ba6 41. c4 Bd4 42. Rc2 Rc8 43. Nb2 Bxb2 44. Rxb2 Bxc4 45. Rc1 Bxe2 46. Rxc8+ Kg7 47. Rxe2 Qd7 48. Rc4 b5 49. axb5 Qxb5 50. Rec2 a4 51. Rc7+ Rf7 52. d6 Qd3 53. Rxf7+ Kxf7 54. Rc7+ Ke6 55. d7 Ke7 56. Ra7 a3 57. Kh2 Kd8 0-1

[Event "Yingmei CHN-chT 2018"]
[Site "Shenzhen"]
[Date "2018.04.11"]
[Round "1"]
[White "Li, Xueyi"]
[Black "Zhao, Shengxin"]
[Result "1-0"]
[ECO "A11"]
[WhiteElo "2275"]
[BlackElo "2186"]
[Annotator "NA RC"]
[PlyCount "77"]
[EventDate "2018.??.??"]
[EventCountry "CHN"]
[SourceTitle "playchess.com"]
[Source "ChessBase"]
[SourceQuality "1"]
[TimeControl "5400+30"]

1. Nf3 Nf6 2. g3 d5 3. Bg2 Bg4 4. Ne5 Bf5 5. c4 c6 6. cxd5 cxd5 7. Qa4+ {A11: English Opening: 1...c6} Nbd7 8. Nc3 {LiveBook: 40 Games} e6 9. d3 (9. g4 Bc2 10. Nxf7 Kxf7 11. Qxc2 Nxg4 12. Nxd5 Qh4 13. Qc7 Qxf2+ 14. Kd1 Ke8 15. Bf3 {1-0 (113) Skoberne,J (2553)-Akobian,V (2647) chess.com INT 2018}) 9... Bd6 10. Nxd7 Nxd7 $146 ({Predecessor:} 10... Qxd7 11. Qxd7+ Nxd7 12. e4 dxe4 13. dxe4 Bg6 14. f4 f6 {1-0 (36) Berg,K (2395)-Kristensen,K (2295) Copenhagen 1993}) 11. e4 dxe4 12. dxe4 Bg6 13. Be3 Qe7 (13... O-O $14) 14. Rd1 Rd8 15. Qxa7 O-O 16. Qxb7 Bh5 17. Rd2 Ne5 18. Qxe7 Bxe7 19. Rxd8 Rxd8 20. O-O Nc4 21. Bc1 Bf6 22. f3 ({Better is} 22. Na4 $16) 22... Bxc3 23. bxc3 e5 24. g4 Bg6 25. f4 exf4 26. Bxf4 Rd3 $18 (26... f6 $16 27. Ra1 Rc8) 27. Rc1 Na5 28. Bc7 Nc6 29. a4 Rd7 30. Bg3 f6 31. Ra1 Ra7 32. Bf2 Ra6 33. Bf1 Ra8 34. Bc4+ Kh8 35. Bd5 Be8 36. Bb6 Rb8 37. a5 h6 38. Bd4 Rb5 39. a6 1-0

[Event "Yingmei CHN-chT 2018"]
[Site "Shenzhen"]
[Date "2018.04.11"]
[Round "1"]
[White "Gu, Tianlu"]
[Black "Zhu, Jiner"]
[Result "1/2-1/2"]
[ECO "B80"]
[WhiteElo "2171"]
[BlackElo "2313"]
[Annotator "NA RC"]
[PlyCount "142"]
[EventDate "2018.??.??"]
[EventCountry "CHN"]
[SourceTitle "playchess.com"]
[Source "ChessBase"]
[SourceQuality "1"]
[TimeControl "5400+30"]

1. e4 c5 2. Nf3 d6 3. d4 cxd4 4. Nxd4 Nf6 5. Nc3 a6 6. g3 e6 {LiveBook: 670 Games} 7. Bg2 Qc7 8. O-O Nc6 9. Be3 Bd7 {B80: Sicilian Scheveningen: 6 g3 and 6 Be3, including English Attack} 10. Nb3 (10. f4 Na5 11. Bf2 Rc8 12. Qe2 Nc4 13. Rae1 Nxb2 14. e5 Qxc3 15. exf6 gxf6 16. Qh5 Rc5 17. Bd5 Rxd5 18. Qxd5 {1-0 (60) Naiditsch,A (2696)-Saric,I (2668) Monzon 2016}) 10... Ne5 11. a4 Be7 12. h3 Rc8 $146 ({Predecessor:} 12... Nc4 13. Bc1 O-O 14. Nd4 Rab8 15. Qe2 Ne8 16. b3 Bf6 17. Rd1 {½-½ (80) Meister,J (2450)-Flis,J (2310) Pardubice 1995}) 13. a5 Nc4 14. Bc1 O-O 15. g4 d5 16. exd5 Rfd8 17. dxe6 Bxe6 18. Qf3 Nd5 19. Nd4 Ne5 20. Qg3 Nxc3 21. bxc3 Bc4 {[#]} 22. Bf4 $1 Bd6 23. Rfb1 Rb8 {[#]} 24. Nf5 (24. Kh1 $1 $18) 24... Nf3+ 25. Qxf3 Bxf4 26. Rxb7 Rxb7 27. Qxb7 Qe5 (27... Bh2+ $16 {was worth a try.} 28. Kh1 h5) 28. Qe7 (28. Qb4 $18 Bb5 29. Nd4) 28... Qxe7 29. Nxe7+ Kf8 30. Nc6 Rd6 $16 31. Nd4 Bd2 32. Ra4 Bxc3 33. Rxc4 Bxd4 34. Kf1 g5 35. Be4 h6 36. Ke2 Ke7 37. Rc7+ Rd7 38. Rc6 Rd6 39. Rc7+ Rd7 40. Rxd7+ Kxd7 41. Kd3 Be5 42. Bb7 Bc7 43. Bxa6 Bxa5 44. c4 Bb6 45. f3 Kd6 46. Ke4 Bc5 47. Bc8 Ba3 48. Ba6 Bb4 49. Bb5 Ba3 50. Ba6 Bb4 51. Bb7 Bc5 52. Ba8 Bf2 53. Bd5 Ke7 54. Ke5 Bg3+ 55. Kd4 Bf2+ 56. Kc3 Bc5 57. Kd3 Bf2 58. Ke4 Bg1 59. Bc6 Kd6 60. Bb5 Bf2 61. f4 Bg3 62. fxg5 hxg5 63. Kf5 Bh4 64. Kf6 Kc5 65. Kxf7 Kd6 66. Kf6 Kc5 67. Ba6 Kd6 68. Bb7 Kc5 69. Bd5 Kd6 70. Kf5 Kc5 71. Ke4 Bg3 1/2-1/2

[Event "Yingmei CHN-chT 2018"]
[Site "Shenzhen"]
[Date "2018.04.11"]
[Round "1"]
[White "Xu, Yuze"]
[Black "Zhou, Zirun"]
[Result "1/2-1/2"]
[ECO "D35"]
[WhiteElo "2021"]
[BlackElo "1993"]
[Annotator "NA RC"]
[PlyCount "40"]
[EventDate "2018.??.??"]
[EventCountry "CHN"]
[SourceTitle "playchess.com"]
[Source "ChessBase"]
[SourceQuality "1"]
[TimeControl "5400+30"]

1. c4 e6 2. Nc3 d5 3. d4 Nf6 4. e3 a6 5. a4 c5 {LiveBook: 3 Games} 6. Nf3 Nc6 7. Ne5 Bd6 8. f4 O-O 9. Be2 cxd4 10. exd4 dxc4 11. Bxc4 Qc7 12. Nxc6 ({Better is} 12. Be3 $15) 12... Qxc6 13. Qe2 b6 14. O-O Bb7 $15 15. Be3 Ne4 16. Nxe4 Qxe4 17. Bd3 Qd5 18. Bc4 Qe4 19. Bd3 Qd5 20. Bc4 Qe4 1/2-1/2